 Dungeon Crawl Stone Soup version 0.29-a0-925-g0a7a3d12f8 (webtiles) character file.

Game seed: 11181175673732743834

137 sanka the Changer (level 5, -9/40 HPs)
             Began as a Meteoran Transmuter on July 29, 2022.
             Mangled by a gnoll
             ... wielding a +0 halberd
              (11 damage)
             ... on level 3 of the Dungeon.
             The game lasted 00:09:37 (1399 turns).

sanka the Changer (Meteoran Transmuter)             Turns: 1399, Time: 00:09:37

Health: -9/40      AC:  2    Str: 17    XL:     5   Next: 73%
Magic:  7/10       EV: 20    Int: 17    God:
Gold:   122        SH:  0    Dex: 25    Spells: 4/10 levels left

rFire   . . .      SeeInvis .     - Unarmed
rCold   . . .      Faith    .   (shield currently unavailable)
rNeg    . . .      Spirit   .   (body armour currently unavailable)
rPois   x          Reflect  .   (helmet currently unavailable)
rElec   .          Harm     .   (cloak currently unavailable)
rCorr   .          Rampage  .   (gloves currently unavailable)
Will    .....                   (boots currently unavailable)
Stlth   +.........              (no amulet)
HPRegen 0.13/turn               q - +6 ring of strength
MPRegen 0.12/turn               k - +6 ring of dexterity

@: spider-form, glowing
A: venomous fangs, tiny, sense surroundings 1, otherworldly, glowing, explore
regen
a: End Transformation


You were on level 3 of the Dungeon.
You were a venomous arachnid creature.
You visited 1 branch of the dungeon, and saw 3 of its levels.

You collected 122 gold pieces.


Innate Abilities, Weirdness & Mutations

You are a venomous arachnid creature.
You have poisonous fangs.
You are tiny and dextrous.
Your spellcasting is less reliable in this form.
Your armour is entirely melded.
You are incapable of wielding weapons or throwing items.
You passively map a small area around you.
You are easily found by Zot.
You glow in the dark.
You regain HP and MP as you explore.


   Skills:
 + Level 1.6 Fighting
 - Level 2.4 Dodging
 + Level 3.9 Unarmed Combat
 - Level 3.0 Spellcasting
 - Level 4.0 Transmutations
 - Level 4.0 Poison Magic


You had 4 spell levels left.
You knew the following spells:

 Your Spells              Type           Power      Damage    Failure   Level
x - Spider Form           Tmut/Pois      16%        N/A       24%         3
y - Wereblood             Tmut           16%        N/A       14%         2
z - Beastly Appendage     Tmut           32%        N/A       11%         1

Your spell library contained the following spells:

 Spells                   Type           Power      Damage    Failure   Level
 Static Discharge         Conj/Air       2%         3-4/arc   47%         2
 Ice Form                 Ice/Tmut       9%         N/A       78%         4
 Dispel Undead            Necr           2%         3d7       95%         4
 Sticky Flame             Conj/Fire      2%         2d3       95%         4

Inventory:

Missiles
 m - 2 poisoned darts
Armour
 a - a +0 robe (melded)
 l - a +1 pair of gloves (melded)
Jewellery
 k - a +6 ring of dexterity (right front leg)
 q - a +6 ring of strength (left front leg)
Scrolls
 c - 3 scrolls of teleportation {unknown}
 g - 3 scrolls of enchant weapon {unknown}
 h - a scroll of magic mapping {unknown}
 i - a scroll of amnesia {unknown}
 o - a scroll of summoning {unknown}
 p - 2 scrolls of immolation {unknown}
 r - a scroll of noise {unknown}
Potions
 b - a potion of lignification {!q}
 d - a potion of brilliance {unknown}
 e - a potion of cancellation {unknown}
 f - 2 potions of heal wounds {unknown}
 j - a potion of invisibility {unknown}
 n - a potion of ambrosia {unknown}

Dungeon Overview and Level Annotations

Branches:
Dungeon (3/15) Zot: 410

Altars:

Shops:
D:3

:[ ............▒▒.▒▒.▒ ░.▒
,
............'..▒▒.▒░▒▒▒.▒.
............▒▒▒▒▒.▒ ......
..................▒▒......
░
▒▒▒▒▒▒▒▒▒.▒..........?....,
, ░ ▒.▒............... , ▒
▒.......g....... , ░░
▒.......)g£..... , ,
,▒▒▒▒▒.s.▒.....▒. ░
░▒.....>▒▒.▒▒.▒, ░ ▒.....?▒
.▒, ,,......(..▒░ ▒ ,
..........▒ , ░ ,
..........▒░ ░ ,......=...▒
8 ..........▒ , .........▒
░░


You could see 2 gnolls.


Message History

The gnoll misses you. The gnoll completely misses you.
You hit the gnoll.
The gnoll looks as sick as possible!
The gnoll is heavily wounded.
The gnoll hits you with a +0 flail!
* * * LOW HITPOINT WARNING * * *
The gnoll barely misses you. The gnoll barely misses you.
You hit the gnoll.
The gnoll looks as sick as possible!
The gnoll is severely wounded.
The gnoll completely misses you. The gnoll completely misses you.
The gnoll closely misses you.
You hit the gnoll.
You kill the gnoll!
The gnoll misses you. The gnoll barely misses you. The gnoll misses you.
The gnoll closely misses you.
You hit the gnoll.
The gnoll is poisoned.
The gnoll is moderately wounded.
Your primal bloodlust has ended.
The gnoll barely misses you.
The gnoll hits you from afar with a +0 halberd!
* * * LOW HITPOINT WARNING * * *
The gnoll hits you from afar with a +0 halberd!
You die...

Action                   |  1- 3 |  4- 6 || total
-------------------------+-------+-------++-------
Melee: Unarmed           |    75 |    72 ||   147
       Kick              |    14 |    14 ||    28
       Headbutt          |     5 |     7 ||    12
       Punch             |       |     2 ||     2
 Cast: Beastly Appendage |    17 |    13 ||    30
       Wereblood         |     3 |     4 ||     7
       Spider Form       |       |     1 ||     1
Armor: Robe              |    15 |    18 ||    33
       Skin              |       |     1 ||     1
Dodge: Dodged            |    38 |    76 ||   114

Levels and vault maps discovered:
D:1:      dpeg_arrival_shrine, layout_basic,
          hellmonk_ecumenical_altar_arch_garden, palyth_stone_intersect
D:2:      layout_loops_cross
D:3:      layout_basic, serial_shops,
          nicolae_shop_temple_entry_statues_fountains, nicolae_shop_statue_plus,
          shop, nicolae_shop_temple_entry_statues_fountains,
          nicolae_shop_temple_entry_statues_fountains,
          hangedman_abyss_or_decor_stabs, uniq_jessica

Notes
Turn   | Place    | Note
-------+----------+-------------------------------------------
     0 | D:1      | sanka the Meteoran Transmuter began the quest for the Orb.
     0 | D:1      | Reached XP level 1. HP: 16/16 MP: 5/5
    35 | D:1      | Reached XP level 2. HP: 22/23 MP: 4/6
    43 | D:1      | Learned a level 2 spell: Wereblood
    80 | D:1      | Reached skill level 3 in Spellcasting
    80 | D:1      | Reached skill level 1 in Poison Magic
   206 | D:1      | Reached skill level 3 in Transmutations
   231 | D:1      | Reached XP level 3. HP: 28/28 MP: 4/8
   464 | D:1      | Found a faded altar of an unknown god.
   502 | D:1      | Glimpsed the power of Zot.
   531 | D:2      | Reached skill level 2 in Poison Magic
   549 | D:2      | Learned a level 3 spell: Spider Form
   743 | D:2      | Reached XP level 4. HP: 30/35 MP: 9/9
  1105 | D:2      | Glimpsed the power of Zot.
  1152 | D:3      | Reached skill level 4 in Transmutations
  1152 | D:3      | Reached skill level 3 in Poison Magic
  1152 | D:3      | Reached XP level 5. HP: 36/40 MP: 8/10
  1229 | D:3      | Found Teawutaw's Book Shop.
  1252 | D:3      | Reached skill level 4 in Poison Magic
  1284 | D:3      | Found Piqyvelu's Antique Armour Shop.
  1398 | D:3      | HP: 2/40 [gnoll/+0 halberd (13)]
  1399 | D:3      | Mangled by a gnoll

Vanquished Creatures
  A hound (D:3)
  2 gnolls (D:3)
  2 adders (D:3)
  An orc (D:3)
  5 bats
  12 endoplasms
  3 giant cockroaches (D:2)
  8 hobgoblins
  2 kobolds (D:2)
  4 quokkas
  11 ball pythons
  A frilled lizard (D:1)
  5 goblins
  5 rats
62 creatures vanquished.
